 Dungeon Crawl Stone Soup version 0.24-a0-422-g9eff3895ba (webtiles) character file.

Game seed: 15299397766024182845

69 Murumi the Skirmisher (level 4, -4/28 HPs)
             Began as a Gargoyle Fighter on June 12, 2019.
             Slain by a gnoll
             ... wielding a +0 spear
              (7 damage)
             ... on level 2 of the Dungeon.
             The game lasted 00:07:34 (809 turns).

Murumi the Skirmisher (Gargoyle Fighter)             Turns: 809, Time: 00:07:35

Health: -4/28      AC: 11    Str: 25    XL:     4   Next: 20%
Magic:  4/4        EV: 10    Int:  9    God:
Gold:   93         SH:  0    Dex:  9    Spells: 3/3 levels left

rFire    . . .     SeeInvis .   a - +0 flail
rCold    . . .     Gourm    .   (no shield)
rNeg     + . .     Faith    .   b - +1 scale mail
rPois    ∞         Spirit   .   (no helmet)
rElec    +         Reflect  .   (no cloak)
rCorr    .         Harm     .   (no gloves)
MR       .....                  (no boots)
Stlth    ..........             (no amulet)
HPRegen  0.09/turn              (no ring)
MPRegen  0.09/turn              (no ring)

@: mighty
A: negative energy resistance 1, electricity resistance, unbreathing,
petrification resistance, rot immunity, AC +3
a: no special abilities


You were on level 2 of the Dungeon.
You were not hungry.

You visited 1 branch of the dungeon, and saw 2 of its levels.

You collected 93 gold pieces.

Inventory:

Hand Weapons
 a - a +0 flail (weapon)
Missiles
 g - 34 stones (quivered)
Armour
 b - a +1 scale mail (worn)
 c - a +0 shield
Potions
 e - a potion of agility
 h - 2 potions of curing {unknown}
 i - a potion of lignification {unknown}
 j - 2 potions of haste {unknown}
 k - a potion of degeneration {unknown}
 l - a potion of flight {unknown}
 m - a potion of magic {unknown}
Comestibles
 f - 4 rations


   Skills:
 - Level 3.3 Fighting
 + Level 3.0 Maces & Flails
 - Level 3.3 Armour
 - Level 2.1 Dodging
 - Level 3.3 Shields


You had 3 spell levels left.
You didn't know any spells.
Your spell library was empty.

Dungeon Overview and Level Annotations

Branches:
Dungeon (2/15)

Altars:


Innate Abilities, Weirdness & Mutations

You are resistant to torment.
Your stone body is resilient. (AC +3)
You are immune to poison.
You resist negative energy. (rN+)
You are resistant to electric shocks. (rElec)
You can survive without breathing.
You are immune to petrification.
You are immune to rotting.


Message History

The gnoll barely misses you. The gnoll closely misses you.
The gnoll hits you with a cursed -1 flail.
You barely miss the gnoll.
The gnoll is severely wounded.
The gnoll hits you but does no damage.
The gnoll hits you with a cursed -1 flail.
You hit the gnoll but do no damage.
The gnoll is severely wounded.
The gnoll barely misses you.
The gnoll hits you from afar with a +0 spear!
* * * LOW HITPOINT WARNING * * *
The gnoll closely misses you.
Sorry, you're not good enough to have a special ability.
You feel very mighty all of a sudden.
The gnoll hits you but does no damage. x2
You thump the gnoll!
You kill the gnoll!
Your Maces & Flails skill increases to level 3!
The gnoll hits you from afar with a +0 spear!
You die...

#.........#
#.######
...........#####.#
#######..........#
#....#..####
##...#.## #.##.#
.##.# .##.########
#....@)gg#
########w# (. .(.
>w. #.


You could see a worm and 2 gnolls.

Vanquished Creatures
  2 gnolls (D:2)
  2 adders (D:2)
  A dart slug (D:1)
  A leopard gecko (D:2)
  A ball python (D:2)
  A giant cockroach (D:1)
  4 goblins (D:1)
  2 hobgoblins (D:1)
  2 jackals (D:2)
  7 kobolds
  A bat (D:1)
  A frilled lizard (D:1)
  3 rats
28 creatures vanquished.

Notes
Turn   | Place    | Note
-------+----------+-------------------------------------------
     0 | D:1      | Murumi the Gargoyle Fighter began the quest for the Orb.
     0 | D:1      | Reached XP level 1. HP: 14/14 MP: 1/1
    36 | D:1      | Reached XP level 2. HP: 19/19 MP: 2/2
    70 | D:1      | Reached skill level 1 in Dodging
   623 | D:2      | Reached XP level 3. HP: 23/23 MP: 3/3
   794 | D:2      | Reached XP level 4. HP: 28/28 MP: 4/4
   809 | D:2      | Slain by a gnoll

Levels and vault maps discovered:
D:1:      dpeg_arrival_chase, layout_rooms, hangedman_decor_push
D:2:      layout_loops_ring

Skill      XL: |  1  2  3  4 |
---------------+-------------+-----
Dodging        | 1 2 |  2.1
Maces & Flails | 3 |  3.0
Fighting       | |  3.3
Armour         | |  3.3
Shields        | |  3.3

Action                   |  1- 3 |  4- 6 || total
-------------------------+-------+-------++-------
Melee: Flail             |    77 |    11 ||    88
Throw: Stone             |    53 |     2 ||    55
  Use: Scroll            |     7 |       ||     7
       Potion            |       |     1 ||     1
Armor: Scale mail        |    40 |     8 ||    48
Dodge: Dodged            |    36 |     9 ||    45
Block: Shield            |     8 |       ||     8

Table legend:
 A = Non-vault XP
 B = Vault XP
 C = Vault XP percentage of total XP
 D = Non-vault monster count
 E = Vault monster count
 F = Vault count percentage of total count
                 A         B        C        D         E       F
            +---------+---------+-------+---------+---------+-------
      Total |      99 |       0 |   0.0 |      28 |       0 |   0.0
            +---------+---------+-------+---------+---------+-------
        D:1 |      29 |       0 |   0.0 |      17 |       0 |   0.0
        D:2 |      70 |       0 |   0.0 |      11 |       0 |   0.0
            +---------+---------+-------+---------+---------+-------
